 Dungeon Crawl Stone Soup version 0.31-a0-339-gda1cbd555d (webtiles) character file.

Game seed: 9838065193045364759

669 IndexError the Firebug (level 7, -2/51 HPs)
             Began as a Gnoll Fire Elementalist on July 20, 2023.
             Was a Follower of Vehumet.
             Killed by an exploding iron imp (14 damage)
             ... ignited by their inner flame
             ... on level 4 of the Dungeon.
             The game lasted 00:09:29 (5544 turns).

IndexError the Firebug (Gnoll Fire Elementalist)    Turns: 5544, Time: 00:09:29

Health: -2/51      AC:  6    Str:  7    XL:     7   Next: 58%
Magic:  3/15       EV: 13    Int: 16    God:    Vehumet [*.....]
Gold:   311        SH:  4    Dex: 13    Spells: 11/17 levels left

rFire   . . .        d - +0 short sword
rCold   . . .        u - +0 buckler
rNeg    . . .        a - +0 robe
rPois   .            t - +0 helmet
rElec   .            (no cloak)
rCorr   .            (no gloves)
SInv    +            c - +2 pair of boots
Will    .....        (no amulet)
Stlth   +++          k - ring of see invisible {sInv, !d}
HPRegen 0.28/turn    (no ring)
MPRegen 0.14/turn

%: no passive effects
@: no status effects
A: fangs 1, strong nose, distributed training
a: Renounce Religion


You were on level 4 of the Dungeon.
You worshipped Vehumet.
Vehumet was aware of your devotion.
You visited 1 branch of the dungeon, and saw 4 of its levels.
You also visited: Ossuary.

You collected 311 gold pieces.

Inventory:

Hand Weapons
 d - a +0 short sword (weapon)
   (You took it off a kobold on level 1 of the Dungeon)
Missiles
 g - 6 boomerangs
Armour
 a - a +0 robe (worn)
 c - a +2 pair of boots (worn)
   (You found it on level 1 of the Dungeon)
 t - a +0 helmet (worn)
   (You found it in an ossuary)
 u - a +0 buckler (worn)
   (You found it in an ossuary)
 w - the +0 robe "Koaturee" {*Corrode rElec Regen+ Stlth-}
   (You found it on level 4 of the Dungeon)

   rElec:     It insulates you from electricity.
   Regen:     It increases your rate of health regeneration.
   *Corrode:  It may corrode you when you take damage.
   Stlth:     It makes you less stealthy.
Magical Staves
 y - a staff of conjuration {!a}
   (You found it on level 4 of the Dungeon)
Jewellery
 k - a ring of see invisible (left hand) {sInv, !d}
   (You found it on level 2 of the Dungeon)
Scrolls
 e - 6 scrolls of identify
 f - 2 scrolls of teleportation
 q - a scroll of fear
 s - a scroll of blinking {unknown}
 v - a scroll of enchant armour {unknown}
 x - a scroll of fog {unknown}
Potions
 b - 2 potions of magic
 h - a potion of cancellation {unknown}
 i - a potion of brilliance {unknown}
 j - 2 potions of haste {unknown}
 l - a potion of might {unknown}
 m - a potion of lignification {unknown}
 n - a potion of berserk rage {!q}
 o - 2 potions of invisibility {unknown}
 p - 2 potions of curing {unknown}
 r - a potion of degeneration {unknown}
 z - a potion of heal wounds {unknown}


   Skills:
 + Level 2.6 Fighting
 + Level 2.6 Short Blades
 + Level 2.6 Long Blades
 + Level 2.6 Axes
 + Level 2.6 Maces & Flails
 + Level 2.6 Polearms
 + Level 2.6 Staves
 + Level 2.6 Ranged Weapons
 + Level 2.6 Throwing
 + Level 2.6 Armour
 + Level 5.3 Dodging
 + Level 5.0 Stealth
 + Level 2.6 Shields
 + Level 2.6 Unarmed Combat
 + Level 5.7 Spellcasting
 + Level 3.1 Conjurations
 + Level 2.1 Hexes
 + Level 2.1 Summonings
 + Level 2.1 Necromancy
 + Level 2.1 Translocations
 + Level 2.1 Transmutations
 + Level 5.9 Fire Magic
 + Level 2.1 Ice Magic
 + Level 2.1 Air Magic
 + Level 2.1 Earth Magic
 + Level 2.1 Poison Magic
 + Level 2.9 Invocations
 + Level 2.6 Evocations
 + Level 2.1 Shapeshifting


You had 11 spell levels left.
You knew the following spells:

 Your Spells              Type           Power      Damage    Failure   Level
a - Foxfire               Conj/Fire      76%        2x1d7     3%          1
b - Scorch                Fire           46%        2d7       3%          2
c - Inner Flame           Hex/Fire       17%        N/A       13%         3

Your spell library contained the following spells:

 Spells                   Type           Power      Damage    Failure   Level
 Magic Dart               Conj           56%        1d5       6%          1
 Shock                    Conj/Air       48%        1d6       8%          1
 Freeze                   Ice            44%        1d6       10%         1
 Volatile Blastmotes      Fire/Tloc      34%        2d12      13%         3
 Hailstorm                Conj/Ice       12%        3d5       24%         3
 Frozen Ramparts          Ice            22%        1d4       28%         3
 Swiftness                Air            11%        N/A       28%         3
 Flame Wave               Conj/Fire      19%        2d7       34%         4
 Airstrike                Air            5%         2d(1-17)  67%         4


Dungeon Overview and Level Annotations

Branches:
Dungeon (4/15)             Temple (0/1) D:4         Ossuary (visited)

Altars:
Cheibriados
Hepliaklqana
Okawaru
Qazlal
Vehumet


Innate Abilities, Weirdness & Mutations

You have very sharp teeth.
Your uncanny sense of smell can sniff out nearby items.
Your experience applies equally to all skills.


Message History

Found an escape hatch in the ceiling.
The iron imp shouts, "Begone, thou surly ruttish puttock!"
An iron imp opens the door.
Unknown command.
You conjure some foxfire!
You now have 14/15 mp.
You conjure some foxfire!
You now have 13/15 mp.
You conjure some foxfire!
The foxfire hits the iron imp but does no damage.
You now have 12/15 mp.
You conjure some foxfire!
The foxfire hits the iron imp.
The iron imp completely resists.
The foxfire hits the iron imp but does no damage.
You now have 11/15 mp.
You conjure some foxfire!
The foxfire hits the iron imp.
The iron imp completely resists.
The foxfire hits the iron imp but does no damage.
The foxfire hits the iron imp.
The iron imp completely resists.
You now have 10/15 mp.
You conjure some foxfire!
The foxfire hits the iron imp.
The iron imp completely resists.
The foxfire hits the iron imp.
The iron imp completely resists.
You now have 9/15 mp.
You conjure some foxfire!
The foxfire hits the iron imp but does no damage. x2
Casting: Foxfire (safe; 3% risk of failure)
Confirm with . or Enter, or press ? or * to list all spells.
Flames lash the iron imp.
The iron imp completely resists.
The foxfire hits the iron imp.
The iron imp completely resists.
The foxfire hits the iron imp but does no damage.
You now have 7/15 mp.
Casting: Scorch (safe; 3% risk of failure)
Confirm with . or Enter, or press ? or * to list all spells.
Flames lash the iron imp.
The iron imp completely resists.
You now have 5/15 mp.
Casting: Scorch (safe; 3% risk of failure)
Confirm with . or Enter, or press ? or * to list all spells.
Flames lash the iron imp.
The iron imp completely resists.
You now have 3/15 mp.
You hit the iron imp but do no damage. The iron imp hits you.
You take 5 damage, and have 46/51 hp.
You hit the iron imp. You block the iron imp's attack.
You hit the iron imp but do no damage. The iron imp closely misses you.
You closely miss the iron imp. You closely miss the iron imp.
The iron imp closely misses you.
You barely miss the iron imp.
The iron imp hits you but does no damage.
You hit the iron imp but do no damage. Your bite misses the iron imp.
The iron imp barely misses you.
You hit the iron imp. You barely miss the iron imp.
You bite the iron imp, but do no damage.
The iron imp hits you.
You take 2 damage, and have 46/51 hp.
You barely miss the iron imp. The iron imp barely misses you.
You hit the iron imp. You hit the iron imp but do no damage.
You bite the iron imp, but do no damage.
The iron imp completely misses you.
You hit the iron imp.
The iron imp hits you but does no damage.
You hit the iron imp but do no damage. The iron imp hits you.
You take 1 damage, and have 46/51 hp.
You hit the iron imp but do no damage. You hit the iron imp.
The iron imp hits you!
You take 8 damage, and have 38/51 hp.
You hit the iron imp but do no damage. The iron imp hits you!
You take 8 damage, and have 30/51 hp.
You hit the iron imp but do no damage.
You bite the iron imp, but do no damage.
You barely miss the iron imp. The iron imp barely misses you.
You hit the iron imp but do no damage. The iron imp hits you.
You take 2 damage, and have 29/51 hp.
You hit the iron imp but do no damage. The iron imp hits you!
You take 8 damage, and have 21/51 hp.
Casting: Scorch (safe; 3% risk of failure)
Confirm with . or Enter, or press ? or * to list all spells.
Aiming: Inner Flame (dangerous; 13% risk of failure)
Press: ? - help, Dir - move target, f - iron imp
Aim: an iron imp (heavily wounded, chance to affect: 78%)
The iron imp is filled with an inner flame.
The iron imp hits you.
You take 4 damage, and have 17/51 hp.
You now have 3/15 mp.
You are too injured to fight recklessly!
Casting: Inner Flame (dangerous; 13% risk of failure)
Confirm with . or Enter, or press ? or * to list all spells.
You conjure some foxfire!
Unknown command.
The foxfire hits the iron imp.
The iron imp completely resists.
The foxfire hits the iron imp but does no damage.
You hit the iron imp but do no damage. The iron imp closely misses you.
You hit the iron imp.
Flame seeps out of the iron imp.
The iron imp hits you!
* * * LOW HITPOINT WARNING * * *
You take 8 damage, and have 11/51 hp.
You hit the iron imp.
Flame seeps out of the iron imp.
You hit the iron imp. Vehumet accepts your kill.
The fiery explosion engulfs you!
You die...

....#####.# ######### ....
#.####⌠.⌠##.## ....#
#....'.>.##..# .....#
######⌠.⌠###.## ...?.#
###'#####.## ......#
###.### #..# .......## #.#
##.##
........######.#######.#
#§@§#..........##.< ∆
##°..........8....#
##§.............##
#........8...8..#
#................
##..........8.....
#####.................
####.....................
##........................


There were no monsters in sight!

Vanquished Creatures
  A phantom (D:4)
  6 water moccasin zombies (Ossuary)
  An orc priest (D:3)
  An iguana (D:2)
  An iron imp (D:4)
  A sleepcap (D:4)
  Terence (D:3)
  2 mummies (Ossuary)
  4 adders
  An adder zombie (Ossuary)
  3 dart slugs
  7 orcs (D:3)
  5 bats
  4 endoplasms
  3 giant cockroaches
  5 goblins
  8 hobgoblins
  6 jackals (D:2)
  10 kobolds
  3 quokkas (D:1)
  9 ball pythons
  7 frilled lizards
  4 gnoll zombies (Ossuary)
  5 hobgoblin zombies (Ossuary)
  8 kobold zombies (Ossuary)
  5 orc zombies (Ossuary)
  7 rats
118 creatures vanquished.

Vanquished Creatures (collateral kills)
  A foxfire (D:3)
1 creature vanquished.

Vanquished Creatures (others)
  445 foxfires
445 creatures vanquished.

Grand Total: 564 creatures vanquished

Notes
Turn   | Place    | Note
-------+----------+-------------------------------------------
     0 | D:1      | IndexError the Gnoll Fire Elementalist began the quest for
                  | the Orb.
     0 | D:1      | Reached XP level 1. HP: 13/13 MP: 6/6
    47 | D:1      | Reached skill level 2 in Conjurations
   246 | D:1      | Reached XP level 2. HP: 20/20 MP: 4/7
   784 | D:1      | Reached XP level 3. HP: 25/25 MP: 3/9
   785 | D:1      | Reached skill level 5 in Spellcasting
  1282 | D:2      | Reached skill level 1 in Invocations
  1396 | D:2      | Learned a level 2 spell: Scorch
  1414 | D:2      | Reached skill level 1 in Fighting
  1414 | D:2      | Reached skill level 1 in Short Blades
  1414 | D:2      | Reached skill level 1 in Long Blades
  1414 | D:2      | Reached skill level 1 in Axes
  1414 | D:2      | Reached skill level 1 in Maces & Flails
  1414 | D:2      | Reached skill level 1 in Polearms
  1414 | D:2      | Reached skill level 1 in Staves
  1414 | D:2      | Reached skill level 1 in Ranged Weapons
  1414 | D:2      | Reached skill level 1 in Throwing
  1414 | D:2      | Reached skill level 1 in Armour
  1414 | D:2      | Reached skill level 1 in Shields
  1414 | D:2      | Reached skill level 1 in Unarmed Combat
  1414 | D:2      | Reached skill level 1 in Evocations
  1414 | D:2      | Reached XP level 4. HP: 26/32 MP: 0/11
  1770 | D:2      | Reached skill level 1 in Hexes
  1770 | D:2      | Reached skill level 1 in Summonings
  1770 | D:2      | Reached skill level 1 in Necromancy
  1770 | D:2      | Reached skill level 1 in Translocations
  1770 | D:2      | Reached skill level 1 in Transmutations
  1770 | D:2      | Reached skill level 1 in Ice Magic
  1770 | D:2      | Reached skill level 1 in Air Magic
  1770 | D:2      | Reached skill level 1 in Earth Magic
  1770 | D:2      | Reached skill level 1 in Poison Magic
  1770 | D:2      | Reached skill level 1 in Shapeshifting
  1999 | D:2      | Found a faded altar of an unknown god.
  2274 | D:3      | Found a stormy altar of Qazlal.
  2472 | D:3      | Found an iron altar of Okawaru.
  2604 | D:3      | Reached XP level 5. HP: 37/37 MP: 7/12
  2876 | D:3      | Found a radiant altar of Vehumet.
  2963 | D:3      | Noticed Terence
  2971 | D:3      | Killed Terence
  3290 | D:3      | Found a hazy altar of Hepliaklqana.
  3550 | D:3      | Became a worshipper of Vehumet
  3690 | D:4      | Reached skill level 2 in Invocations
  3690 | D:4      | Reached XP level 6. HP: 44/44 MP: 1/13
  3931 | D:4      | Found a sand-covered staircase.
  3940 | Ossuary  | Entered an ossuary
  3945 | Ossuary  | Learned a level 3 spell: Inner Flame
  4001 | Ossuary  | Reached skill level 5 in Dodging
  4011 | Ossuary  | Reached skill level 2 in Fighting
  4011 | Ossuary  | Reached skill level 2 in Short Blades
  4011 | Ossuary  | Reached skill level 2 in Long Blades
  4011 | Ossuary  | Reached skill level 2 in Axes
  4011 | Ossuary  | Reached skill level 2 in Maces & Flails
  4011 | Ossuary  | Reached skill level 2 in Polearms
  4011 | Ossuary  | Reached skill level 2 in Staves
  4011 | Ossuary  | Reached skill level 2 in Ranged Weapons
  4011 | Ossuary  | Reached skill level 2 in Throwing
  4011 | Ossuary  | Reached skill level 2 in Armour
  4011 | Ossuary  | Reached skill level 2 in Shields
  4011 | Ossuary  | Reached skill level 2 in Unarmed Combat
  4011 | Ossuary  | Reached skill level 2 in Evocations
  4217 | Ossuary  | Reached XP level 7. HP: 41/50 MP: 3/15
  4414 | Ossuary  | Reached skill level 3 in Conjurations
  4414 | Ossuary  | Reached skill level 2 in Hexes
  4414 | Ossuary  | Reached skill level 2 in Summonings
  4414 | Ossuary  | Reached skill level 2 in Necromancy
  4414 | Ossuary  | Reached skill level 2 in Translocations
  4414 | Ossuary  | Reached skill level 2 in Transmutations
  4414 | Ossuary  | Reached skill level 2 in Ice Magic
  4414 | Ossuary  | Reached skill level 2 in Air Magic
  4414 | Ossuary  | Reached skill level 2 in Earth Magic
  4414 | Ossuary  | Reached skill level 2 in Poison Magic
  4414 | Ossuary  | Reached skill level 2 in Shapeshifting
  4470 | Ossuary  | Reached * piety under Vehumet
  4470 | Ossuary  | Offered knowledge of Magic Dart by Vehumet.
  4942 | D:4      | Identified the +0 robe "Koaturee" {*Corrode rElec Regen+
                  | Stlth-}
  5086 | D:4      | Found a staircase to the Ecumenical Temple.
  5118 | D:4      | Reached skill level 5 in Stealth
  5478 | D:4      | Found a snail-covered altar of Cheibriados.
  5542 | D:4      | HP: 11/51 [iron imp (8)]
  5544 | D:4      | Killed by an exploding iron imp... ignited by their inner
                  | flame

Illustrated notes

Levels and vault maps discovered:
D:1:      scummos_arrival_star, layout_basic
D:2:      kb_forest_paths, layout_loops_ring, ebering_ecumenical_altar_abandoned
D:3:      cheibrodos_old_hovel, layout_basic,
          mainiacjoe_overflow_surrounded_room, nicolae_overflow_crystal_walls,
          mainiacjoe_overflow_alcove_2, fiery_altar_vehumet, uniq_terence
D:4:      layout_cave_pods, chei_slow_surprise, temple_doors_cd,
          nicolae_ossuary_entry_monument

Skill      XL: |  1  2  3  4  5  6  7 |
---------------+----------------------+-----
Conjurations   | 2 3 |  3.1
Spellcasting   | 5 |  5.7
Invocations    | 1 2 |  2.9
Fighting       | 1 2 |  2.6
Short Blades   | 1 2 |  2.6
Long Blades    | 1 2 |  2.6
Axes           | 1 2 |  2.6
Maces & Flails | 1 2 |  2.6
Polearms       | 1 2 |  2.6
Staves         | 1 2 |  2.6
Ranged Weapons | 1 2 |  2.6
Throwing       | 1 2 |  2.6
Armour         | 1 2 |  2.6
Shields        | 1 2 |  2.6
Unarmed Combat | 1 2 |  2.6
Evocations     | 1 2 |  2.6
Hexes          | 1 2 |  2.1
Summonings     | 1 2 |  2.1
Necromancy     | 1 2 |  2.1
Translocations | 1 2 |  2.1
Transmutations | 1 2 |  2.1
Ice Magic      | 1 2 |  2.1
Air Magic      | 1 2 |  2.1
Earth Magic    | 1 2 |  2.1
Poison Magic   | 1 2 |  2.1
Shapeshifting  | 1 2 |  2.1
Dodging        | 5 |  5.3
Stealth        | 5 |  5.0
Fire Magic     | |  5.9

Action                     |  1- 3 |  4- 6 |  7- 9 || total
---------------------------+-------+-------+-------++-------
  Melee: Unarmed           |     5 |       |       ||     5
         Short sword       |    11 |    73 |    42 ||   126
         Bite              |     2 |     6 |     5 ||    13
         Punch             |       |     1 |     1 ||     2
   Cast: Foxfire           |    65 |   140 |    73 ||   278
         Scorch            |     4 |     9 |     3 ||    16
         Inner Flame       |       |       |     1 ||     1
    Use: Scroll            |       |     5 |       ||     5
   Stab: Sleeping          |     1 |     1 |       ||     2
 Armour: Robe              |     3 |    23 |     6 ||    32
  Dodge: Dodged            |    23 |    63 |    20 ||   106
  Block: Buckler           |       |       |     1 ||     1

Table legend: (Time is in decaauts)
 A = Elapsed time spent in this place.
 B = Non-inter-level travel time spent in this place.
 C = Inter-level travel time spent in this place.
 D = Time resting spent in this place.
 E = Time spent auto-exploring this place.
 F = Levels seen in this place.
 G = Mean time per level.
                   A        B        C        D        E       F      G
               +--------+--------+--------+--------+--------+-----+--------+
         Total |   5534 |   5224 |    310 |     80 |   4258 |   5 | 1106.8 |
       Dungeon |   4721 |   4411 |    310 |     80 |   3613 |   4 | 1180.2 |
       Ossuary |    813 |    813 |      0 |      0 |    645 |   1 |  813.0 |
               +--------+--------+--------+--------+--------+-----+--------+

Top non-repeatable levels by time:
     D:3: 1283 daAuts
     D:2: 1273 daAuts
     D:1: 1132 daAuts
     D:4: 1032 daAuts
 Ossuary: 813 daAuts

Levels and vault maps discovered:
D:1:      scummos_arrival_star, layout_basic
D:2:      kb_forest_paths, layout_loops_ring, ebering_ecumenical_altar_abandoned
D:3:      cheibrodos_old_hovel, layout_basic,
          mainiacjoe_overflow_surrounded_room, nicolae_overflow_crystal_walls,
          mainiacjoe_overflow_alcove_2, fiery_altar_vehumet, uniq_terence
D:4:      layout_cave_pods, chei_slow_surprise, temple_doors_cd,
          nicolae_ossuary_entry_monument

Table legend: (Time is in decaauts)
 A = Elapsed time spent in this place.
 B = Non-inter-level travel time spent in this place.
 C = Inter-level travel time spent in this place.
 D = Time resting spent in this place.
 E = Time spent auto-exploring this place.
 F = Levels seen in this place.
 G = Mean time per level.
                   A        B        C        D        E       F      G
               +--------+--------+--------+--------+--------+-----+--------+
         Total |   5534 |   5224 |    310 |     80 |   4258 |   5 | 1106.8 |
       Dungeon |   4721 |   4411 |    310 |     80 |   3613 |   4 | 1180.2 |
       Ossuary |    813 |    813 |      0 |      0 |    645 |   1 |  813.0 |
               +--------+--------+--------+--------+--------+-----+--------+

Top non-repeatable levels by time:
     D:3: 1283 daAuts
     D:2: 1273 daAuts
     D:1: 1132 daAuts
     D:4: 1032 daAuts
 Ossuary: 813 daAuts

Table legend:
 A = Kills in this place as a percentage of kills in the entire game.
 B = Kills by you in this place as a percentage of kills by you in the entire game.
 C = Kills by friends in this place as a percentage of kills by friends in the entire game.
 D = Other kills in this place as a percentage of other kills in the entire game.
 E = Experience gained in this place as a percentage of experience gained in the entire game.
 F = Experience gained in this place divided by the number of levels of this place that you have seen.
                   A       B       C       D       E      F
               +-------+-------+-------+-------+-------+----------------------
         Total | 100.0 | 100.0 |   N/A |   N/A | 100.0 | 199.2
       Dungeon |  73.7 |  73.7 |   N/A |   N/A |  48.9 | 121.8
       Ossuary |  26.3 |  26.3 |   N/A |   N/A |  51.1 | 509.0
               +-------+-------+-------+-------+-------+----------------------
